 Dungeon Crawl Stone Soup version 0.28.0-45-g0d030f2227 (webtiles) character file.

Game seed: 18433885942368708985

41348 protoss039 the Fighter (level 13, -2/107 (108) HPs)
             Began as a Demonspawn Earth Elementalist on May 16, 2022.
             Was a High Priest of Vehumet.
             Slain by a hell rat (14 damage)
             ... on level 2 of the Lair of Beasts.
             The game lasted 00:41:34 (23094 turns).

protoss039 the Fighter (DsEE)                      Turns: 23094, Time: 00:41:35

HP:   -2/107 (108)  AC: 14    Str: 11    XL:     13   Next: 79%
MP:   10/27         EV: 11    Int: 32    God:    Vehumet [*****.]
Gold: 624           SH: 12    Dex:  9    Spells: 6/32 levels left

rFire   . . .      SeeInvis .   o - +1 whip (venom)
rCold   . . .      Faith    .   Q - +2 buckler {AC+3}
rNeg    . . .      Spirit   .   q - +4 leather armour of Damm {Str+2 Int+4 Dex-4}
rPois   .          Reflect  +   (no helmet)
rElec   .          Harm     .   (no cloak)
rCorr   .          Rampage  .   (gloves unavailable)
Will    +....                   y - +0 pair of boots
Stlth   +.........              w - amulet of reflection
HPRegen 0.27/turn               S - +6 ring of intelligence
MPRegen 0.20/turn               R - ring of willpower

@: studying Dodging, lightly drained
A: claws 3, molten scales 1, demonic guardian 1, powered by pain 2
a: Renounce Religion


You were on level 2 of the Lair of Beasts.
You worshipped Vehumet.
Vehumet was extremely pleased with you.
You visited 3 branches of the dungeon, and saw 18 of its levels.

You collected 744 gold pieces.
You spent 120 gold pieces at shops.

Inventory:

Hand Weapons
 o - a +1 whip of venom (weapon)
Missiles
 c - 345 stones
Armour
 q - the +4 leather armour of Damm (worn) {Str+2 Int+4 Dex-4}
   (You found it on level 9 of the Dungeon)

   Str:       It affects your strength (+2).
   Int:       It affects your intelligence (+4).
   Dex:       It affects your dexterity (-4).
 y - a +0 pair of boots (worn)
 F - +0 acid dragon scales
 I - a +2 leather armour of fire resistance
 Q - a +2 buckler of protection (worn)
 V - a +0 leather armour of willpower
 W - a +4 ring mail of cold resistance
Magical Staves
 G - a staff of fire
Jewellery
 l - a ring of positive energy
 m - a ring of protection from cold
 n - a ring of flight
 w - an amulet of reflection (around neck)
 R - a ring of willpower (right claw)
 S - a +6 ring of intelligence (left claw)
Wands
 i - a wand of iceblast (26)
 r - a wand of acid (12)
 z - a wand of polymorph (6)
 A - a wand of paralysis (19)
 D - a wand of mindburst (12)
 H - a wand of digging (4)
 P - a wand of flame (11)
Scrolls
 a - a scroll of torment
 b - 2 scrolls of enchant weapon
 d - 5 scrolls of enchant armour
 e - a scroll of identify
 g - 5 scrolls of teleportation
 k - 4 scrolls of fog
 s - a scroll of silence {unknown}
 u - 2 scrolls of magic mapping
 K - a scroll of fear
 L - a scroll of summoning {unknown}
 N - a scroll of brand weapon
 O - a scroll of amnesia
 T - 2 scrolls of immolation
 U - 2 scrolls of blinking
Potions
 f - 2 potions of flight
 h - 3 potions of brilliance
 j - a potion of resistance
 p - a potion of ambrosia {unknown}
 t - 2 potions of lignification {unknown}
 v - a potion of degeneration {unknown}
 x - a potion of haste
 B - a potion of heal wounds
 C - a potion of might {unknown}
 E - 2 potions of magic {unknown}
 J - a potion of curing
 M - a potion of attraction {unknown}


   Skills:
 * Level 12.2 Fighting
 + Level 6.1 Armour
 - Level 1.8 Dodging
 - Level 1.9 Stealth
 * Level 8.4 Shields
 + Level 10.3 Spellcasting
 + Level 10.6 Conjurations
 - Level 1.0 Transmutations
 + Level 9.0 Earth Magic


You had 6 spell levels left.
You knew the following spells:

 Your Spells              Type           Power      Damage    Failure   Level
a - Sandblast             Erth           100%       2d20      1%          1
b - Passwall              Tmut/Erth      40%        N/A       1%          2
c - Stone Arrow           Conj/Erth      100%       3d13      1%          3
d - Swiftness             Air            16%        N/A       14%         3
e - Lee's Rapid Deconstr  Erth           32%        3d18*     1%          5
f - Flame Wave            Conj/Fire      50%        2d10      1%          4
g - Mephitic Cloud        Conj/Pois/Air  39%        N/A       1%          3
h - Freezing Cloud        Conj/Ice/Air   19%        6-21      9%          5

Your spell library contained the following spells:

 Spells                   Type           Power      Damage    Failure   Level
 Iskenderun's Battlesphe  Conj           71%        2d12      1%          5
 Shock                    Conj/Air       100%       1d9       1%          1
 Scorch                   Fire           32%        2d6       1%          2
 Ignite Poison            Fire/Tmut/Pois 18%        N/A       3%          3
 Pain                     Necr           64%        1d7       4%          1
 Petrify                  Tmut/Erth      49%        N/A       6%          4
 Corpse Rot               Necr/Air       32%        N/A       7%          2
 Airstrike                Air            8%         N/A       12%         4
 Tukima's Dance           Hex            16%        N/A       14%         3
 Anguish                  Hex/Necr       8%         N/A       41%         4
 Dispel Undead            Necr           16%        3d10      41%         4
 Agony                    Necr           16%        N/A       77%         5
 Excruciating Wounds      Necr           8%         N/A       77%         5
 Death Channel            Necr           8%         N/A       100%        6
 Summon Cactus Giant      Summ           8%         N/A       100%        6
 Enfeeble                 Hex            8%         N/A       100%        7


Dungeon Overview and Level Annotations

Branches:
Dungeon (15/15)            Temple (1/1) D:4            Lair (2/6) D:9
    Orc (0/2) D:10         Vaults (0/5) D:14         Depths (0/4) D:15
  Swamp: Lair:2-4    Shoals: Lair:2-4     Snake: Lair:2-4    Spider: Lair:2-4

Altars:
Ashenzari
Cheibriados
Dithmenos
Elyvilon
Fedhas
Gozag
Hepliaklqana
Kikubaaqudgha
Makhleb
Nemelex Xobeh
Okawaru
Qazlal
Ru
Sif Muna
Trog
Uskayaw
Vehumet
Wu Jian
Xom
Yredelemnul
Zin
The Shining One

Shops:
D:2 (   D:4 [   D:9 !

Portals:
Abyss: D:6

Annotations:
D:3 3 runed translucent doors, manix's ghost, amateur DjGl
D:6 2 transporters, Palewisp's ghost, novice SpEn
D:9 exclusion: tengu warrior
D:10 exclusion: oklob plant
D:11 1 exclusion


Innate Abilities, Weirdness & Mutations

You have claws for hands.
You are partially covered in molten scales. (AC +2)
A weak demonic guardian rushes to your aid.
You sometimes gain power by taking damage.


Message History

The floor.
You barely miss the hell rat.
The hell rat is almost dead.
The wolf bites you.
* * * LOW HITPOINT WARNING * * *
A demonic guardian appears!
You block the wolf's attack.
The hell rat bites you but does no damage.
The wolf bites you but does no damage.
The hell rat bites you but does no damage.
Your white imp barely misses the wolf.
Your hellwing barely misses the wolf. x2
Unknown command.
Unknown command.
Unknown command.
You hit the hell rat but do no damage.
The hell rat looks even sicker.
The hell rat is almost dead.
The wolf bites you but does no damage. You block the wolf's attack.
The hell rat closely misses you. You block the hell rat's attack.
The wolf barely misses you. The wolf bites you but does no damage.
Your white imp misses the wolf.
Your hellwing misses the wolf. Your hellwing hits the wolf.
The wolf dies!
Vehumet accepts your kill. You block the hell rat's attack.
Unknown command.
Unknown command.
You closely miss the hell rat.
The hell rat is almost dead.
You kill the hell rat!
Vehumet accepts your kill.
You feel your power returning. The wolf bites you but does no damage.
You block the hell rat's attack.
Your white imp hits the hell rat but does no damage.
The hell rat bites you!
* * * LOW HITPOINT WARNING * * *
You focus on the pain.
You feel your power returning.
Your hellwing barely misses the hell rat.
Your hellwing hits the hell rat. The wolf bites you.
* * * LOW HITPOINT WARNING * * *
The hell rat bites you!
You die...

##.####.... .#.. ..
......#......#.?#.# $
......(.........#.# ..
......# .....#....# ...
.....### .......P.##....
>.....P####......°rr(. .
.........##....†#rr#....
..........##...5@h☼r#.
.#...†....##..#.#r..P...
.#...##....##....45.....
<.††.#.....##..≈≈≈≈≈....
.....###...##..≈≈≈≈†....
#.†.##.######..≈♣♣♣≈....
#...##.####....≈♣ ≈....
...#.##.#....#.≈♣♣ ≈....
#.(..†.........≈≈≈≈ ..


You could see a wolf (ally target), 6 hell rats, a friendly hellwing (summoned),
a friendly iron imp (summoned) and a friendly white imp (summoned).

Vanquished Creatures
  Rupert (D:14)
  An ettin (D:15)
  A rakshasa (D:14)
  2 hydras
  An ogre mage (D:15)
  10 two-headed ogres
  4 centaur warriors
  6 tengu warriors
  2 deep trolls (D:15)
  2 orc knights
  2 necromancers (D:15)
  Pikel (D:6)
  2 deep elf pyromancers
  An orc sorcerer (D:15)
  4 cyclopes
  An ugly thing (D:11)
  2 manticores
  A black mamba (Lair:2)
  A gargoyle (D:12)
  A cane toad (Lair:2)
  2 freezing wraiths
  A komodo dragon (Lair:1)
  3 unseen horrors
  A rime drake (Lair:1)
  A tengu conjurer (D:15)
  A polar bear (Lair:2)
  3 meliai (D:14)
  3 blink frogs (Lair:2)
  4 trolls
  A hornet (D:9)
  Grinder (D:5)
  A dream sheep (shapeshifter) (D:11)
  10 slime creatures
  A shadow (D:13)
  6 yaks (Lair:1)
  A vampire (D:10)
  A hog (shapeshifter) (D:13)
  4 wraiths
  2 wyverns
  16 humans
  A basilisk (Lair:2)
  5 vampire mosquitoes
  2 acid dragons
  2 water moccasins
  5 orc warriors
  4 ice beasts
  A black bear (D:7)
  2 sky beasts
  A necrophage (D:7)
  A hornet zombie (D:14)
  2 ogres (D:15)
  8 wolves
  8 centaurs
  A phantom (D:7)
  Blork the orc (D:6)
  A kobold brigand (D:9)
  4 bullfrogs
  A wyvern zombie (D:8)
  2 gnoll sergeants
  3 scorpions
  4 killer bees (D:10)
  5 wights (D:8)
  An electric eel (Lair:2)
  A hound (D:5)
  5 centaur zombies
  3 orc priests
  4 jellies
  2 iguanas (D:5)
  Ijyb (D:5)
  5 orc wizards
  3 hell rats (Lair:2)
  A hound zombie (D:5)
  A howler monkey zombie (D:7)
  11 gnolls
  4 adders
  7 river rats (Lair:2)
  A shadow imp (D:7)
  A white imp (D:8)
  An ufetubus (D:5)
  An adder skeleton (D:3)
  2 dart slugs
  32 orcs
  8 ball pythons
  6 bats
  7 endoplasms
  2 giant cockroaches
  11 goblins
  13 hobgoblins
  7 jackals
  7 kobolds
  4 quokkas
  3 frilled lizards (D:1)
  8 rats
336 creatures vanquished.

Vanquished Creatures (collateral kills)
  A wolf (Lair:2)
1 creature vanquished.

Vanquished Creatures (others)
  2 fungi (Lair:2)
  5 plants
7 creatures vanquished.

Grand Total: 344 creatures vanquished

Notes
Turn   | Place    | Note
-------+----------+-------------------------------------------
     0 | D:1      | protoss039 the Demonspawn Earth Elementalist began the
                  | quest for the Orb.
     0 | D:1      | Reached XP level 1. HP: 13/13 MP: 3/3
    30 | D:1      | Reached skill level 1 in Transmutations
   520 | D:1      | Gained mutation: You have sharp fingernails. [demonic
                  | ancestry]
   520 | D:1      | Reached XP level 2. HP: 14/20 MP: 3/5
   828 | D:1      | Reached skill level 1 in Fighting
  1567 | D:1      | Learned a level 2 spell: Passwall
  1831 | D:1      | Found a faded altar of an unknown god.
  2201 | D:2      | Reached XP level 3. HP: 24/26 MP: 6/6
  2380 | D:2      | You fall into a shaft and drop 2 floors!
  2380 | D:4      | Found a staircase to the Ecumenical Temple.
  2403 | D:3      | Reached skill level 2 in Fighting
  2488 | D:3      | Gained mutation: You have very sharp fingernails. [demonic
                  | ancestry]
  2488 | D:3      | Reached XP level 4. HP: 18/34 MP: 3/7
  3041 | D:2      | Found Quhodus's Weapon Boutique.
  3764 | D:3      | Learned a level 3 spell: Stone Arrow
  4233 | D:3      | Reached skill level 3 in Fighting
  4241 | D:3      | Found an opulent altar of Gozag.
  4357 | D:3      | Found a runed translucent gate.
  4357 | D:3      | Found a runed translucent gate.
  4357 | D:3      | Found a runed translucent gate.
  4357 | D:3      | Noticed manix's ghost (amateur DjGl)
  4479 | D:4      | Found Kichiet's Armour Shop.
  4563 | D:4      | Gained mutation: You sometimes gain a little power by
                  | taking damage. [demonic ancestry]
  4563 | D:4      | Reached XP level 5. HP: 41/41 MP: 4/9
  4799 | D:4      | Reached skill level 1 in Conjurations
  4805 | Temple   | Entered the Ecumenical Temple
  5196 | Temple   | Became a worshipper of Vehumet
  6217 | D:5      | Entered Level 5 of the Dungeon
  6262 | D:5      | Gained mutation: You are partially covered in molten
                  | scales. (AC +2) [demonic ancestry]
  6262 | D:5      | Reached XP level 6. HP: 41/48 MP: 10/10
  6349 | D:5      | Reached skill level 4 in Fighting
  6547 | D:5      | Noticed Grinder
  6796 | D:5      | Noticed an ice beast
  6811 | D:5      | Killed an ice beast
  6812 | D:5      | Reached XP level 7. HP: 48/55 MP: 8/12
  6877 | D:5      | Noticed Ijyb
  6885 | D:5      | Killed Ijyb
  7511 | D:5      | Reached skill level 5 in Fighting
  7626 | D:5      | Reached * piety under Vehumet
  7626 | D:5      | Offered knowledge of Magic Dart by Vehumet.
  8202 | D:5      | Killed Grinder
  8203 | D:5      | Reached skill level 6 in Fighting
  8203 | D:5      | Gained mutation: You sometimes gain power by taking damage.
                  | [demonic ancestry]
  8203 | D:5      | Reached XP level 8. HP: 52/64 MP: 0/14
  8451 | D:6      | Found a transporter.
  8456 | D:6      | Noticed a wizard
  8468 | D:6      | Found a transporter.
  8469 | D:6      | Noticed Palewisp's ghost (novice SpEn)
  8476 | D:6      | Noticed Pikel
  8487 | D:6      | Reached skill level 5 in Earth Magic
  8493 | D:6      | Killed Pikel
  8494 | D:6      | Reached skill level 5 in Spellcasting
  8693 | D:6      | Noticed a purple ugly thing
  8702 | D:6      | Reached skill level 5 in Conjurations
  8842 | D:6      | Found a one-way gate to the infinite horrors of the Abyss.
  8995 | D:6      | Found an iron altar of Okawaru.
  9004 | D:6      | Noticed Blork the orc
  9009 | D:6      | Killed Blork the orc
  9261 | D:7      | Reached XP level 9. HP: 64/69 MP: 0/17
  9531 | D:7      | Reached skill level 1 in Armour
 10586 | D:7      | Learned a level 3 spell: Swiftness
 10591 | D:7      | Learned a level 4 spell: Flame Wave
 10702 | D:8      | Reached skill level 7 in Fighting
 11350 | D:8      | Found a burning altar of Makhleb.
 11355 | D:8      | Offered knowledge of Poisonous Vapours by Vehumet.
 11359 | D:8      | Reached ** piety under Vehumet
 11507 | D:8      | Noticed a two-headed ogre
 11512 | D:8      | Killed a two-headed ogre
 11512 | D:8      | Noticed a two-headed ogre
 11513 | D:8      | Gained mutation: You have claws for hands. [demonic
                  | ancestry]
 11513 | D:8      | Reached XP level 10. HP: 59/80 MP: 3/19
 11665 | D:8      | Killed a two-headed ogre
 11666 | D:8      | Reached skill level 8 in Fighting
 12055 | D:9      | Found an ornate altar of the Wu Jian Council.
 12061 | D:9      | Found a shadowy altar of Dithmenos.
 12189 | D:9      | Found a staircase to the Lair.
 12377 | D:9      | Found Xuoroxan's Distillery.
 12387 | D:9      | Bought a potion of curing for 45 gold pieces
 12387 | D:9      | Bought a potion of heal wounds for 75 gold pieces
 12441 | D:9      | Noticed a cyclops
 12453 | D:9      | Killed a cyclops
 12675 | D:9      | Noticed a tengu warrior
 12682 | D:9      | Learned a level 3 spell: Mephitic Cloud
 12693 | D:9      | Noticed a white ugly thing
 12740 | D:9      | Killed a tengu warrior
 12741 | D:9      | Reached skill level 9 in Fighting
 13073 | D:9      | Identified the +4 leather armour of Damm {Str+2 Int+4
                  | Dex-4}
 13161 | D:9      | Noticed a manticore
 13167 | D:9      | Killed a manticore
 13324 | D:10     | Entered Level 10 of the Dungeon
 13615 | D:10     | Found a staircase to the Orcish Mines.
 14177 | D:10     | Found a sacrificial altar of Ru.
 14326 | D:10     | Found a blossoming altar of Fedhas.
 14337 | D:10     | Noticed an oklob plant
 14661 | D:11     | Killed a white ugly thing
 14662 | D:11     | Gained mutation: A weak demonic guardian rushes to your
                  | aid. [demonic ancestry]
 14662 | D:11     | Reached XP level 11. HP: 89/89 MP: 6/22
 14985 | D:11     | Offered knowledge of Inner Flame by Vehumet.
 15243 | D:11     | Noticed a two-headed ogre
 15243 | D:11     | Noticed an eight-headed hydra
 15388 | D:11     | Killed an eight-headed hydra
 15514 | D:11     | Found a runed translucent door.
 15871 | D:11     | Killed a two-headed ogre
 16022 | D:11     | Reached skill level 5 in Armour
 16265 | D:11     | Noticed a deep elf pyromancer
 16265 | D:11     | Noticed a tengu warrior
 16266 | D:11     | Noticed a steelbarb worm
 16268 | D:11     | a steelbarb worm changed into an eye of devastation
 16276 | D:11     | Noticed a shining eye
 16276 | D:11     | a dream sheep changed into a shining eye
 16277 | D:11     | a shining eye changed into a swamp worm
 16279 | D:11     | Noticed a shock serpent
 16279 | D:11     | a swamp worm changed into a shock serpent
 16283 | D:11     | a shock serpent changed into a water nymph
 16286 | D:11     | Noticed a sea snake
 16286 | D:11     | a water nymph changed into a sea snake
 16295 | D:11     | Killed a deep elf pyromancer
 16302 | D:11     | Killed a tengu warrior
 16581 | D:12     | Reached skill level 10 in Fighting
 16588 | D:12     | Noticed a two-headed ogre
 16598 | D:12     | Killed a two-headed ogre
 17275 | D:13     | Noticed a tengu warrior
 17279 | D:13     | Noticed a tengu warrior
 17287 | D:13     | Killed a tengu warrior
 17299 | D:13     | Killed a tengu warrior
 17742 | D:13     | Noticed a centaur warrior
 17756 | D:13     | Reached *** piety under Vehumet
 17757 | D:13     | Reached XP level 12. HP: 75/98 MP: 24/24
 17761 | D:13     | Killed a centaur warrior
 17762 | D:13     | Reached skill level 1 in Shields
 18471 | D:13     | Learned a level 5 spell: Freezing Cloud
 18472 | D:14     | Noticed a centaur warrior
 18472 | D:14     | Noticed Rupert
 18472 | D:14     | Noticed a rakshasa
 18472 | D:14     | Found a gate to the Vaults.
 18473 | D:14     | Paralysed by Rupert for 2 turns
 18542 | D:14     | Noticed a centaur warrior
 18652 | D:14     | Killed a centaur warrior
 18837 | D:14     | Killed a rakshasa
 19428 | D:14     | Killed a centaur warrior
 19517 | D:14     | Offered knowledge of Hailstorm by Vehumet.
 19742 | D:13     | Reached skill level 11 in Fighting
 20062 | D:13     | Reached skill level 5 in Shields
 20201 | D:14     | Killed Rupert
 20748 | D:14     | Found a basalt altar of Yredelemnul.
 20771 | D:15     | Entered Level 15 of the Dungeon
 20820 | D:15     | Noticed a centaur warrior
 20826 | D:15     | Killed a centaur warrior
 20833 | D:15     | Reached XP level 13. HP: 106/106 MP: 4/26
 20939 | D:15     | Reached **** piety under Vehumet
 20942 | D:15     | Noticed an ettin
 21045 | D:15     | Killed an ettin
 21045 | D:15     | Offered knowledge of Lee's Rapid Deconstruction by Vehumet.
 21055 | D:15     | Reached skill level 10 in Conjurations
 21324 | D:15     | Reached skill level 10 in Spellcasting
 21595 | D:15     | Found a staircase to the Depths.
 22088 | Lair:1   | Entered Level 1 of the Lair of Beasts
 22408 | Lair:1   | Reached skill level 12 in Fighting
 22912 | Lair:1   | Learned a level 5 spell: Lee's Rapid Deconstruction
 22977 | Lair:2   | Reached ***** piety under Vehumet
 23056 | Lair:2   | Offered knowledge of Iskenderun's Battlesphere by Vehumet.
 23094 | Lair:2   | Slain by a hell rat

Illustrated notes

Levels and vault maps discovered:
D:1:      evilmike_arrival_crescent, layout_basic, ebering_ecumenical_altar_hall
D:2:      layout_loops_ring, serial_shops, nicolae_shop_bloodbath_and_beyond
D:3:      layout_rooms, mainiacjoe_overflow_alcove_2, ebering_ghost_rock_garden,
          kennysheep_another_room, chequers_serial_rivers_small_3
D:4:      cheibrodos_greedy_goblins, layout_rooms,
          minmay_temple_entry_butterflies, serial_shops,
          nicolae_shop_temple_entry_statues_fountains,
          nicolae_ossuary_entry_plus
D:5:      layout_loops_corners, minmay_manual_mail, uniq_ijyb, uniq_grinder
D:6:      layout_cave_pools, okawaru_gym_becter, gammafunk_ghost_abyssal_escape,
          uniq_pikel, uniq_blork_the_orc
D:7:      layout_basic
D:8:      layout_loops_cross, overflow_temple_1_default
D:9:      layout_irregular_city, mainiacjoe_overflow_catwalk_spiral,
          dpeg_oklobed_lair, serial_shops, shop, kb_rosetta
D:10:     layout_stronghold, nicolae_ru_path_of_blood, tgw_fedhas, orc_0_dummy
D:11:     layout_irregular_city, serial_bayou_pond_d, wad_hexagon
D:12:     layout_big_octagon
D:13:     layout_gridville
D:14:     layout_cave_pools, david_vaults_3, lemuel_zombie_altar_yredelemnul
D:15:     hangedman_depths_entry_civil_slaughter, layout_rooms,
          hangedman_decor_clover_reticule
Temple:   regret_index_temple_generic_petals
Lair:1:   hellmonk_destroyed_diamonds, layout_chaotic_city
Lair:2:   layout_gridlike, portal_ice_cave_entry_pillars_1, kennysheep_rathole

Skill      XL: |  1  2  3  4  5  6  7  8  9 10 11 12 13 |
---------------+----------------------------------------+-----
Transmutations | 1 |  1.0
Fighting       | 1 2 3 4 6 7 9 10 11 12 | 12.2
Earth Magic    | 3 4 5 6 7 8 9 |  9.0
Spellcasting   | 3 4 5 6 7 8 9 10 | 10.3
Conjurations   | 1 2 3 5 6 7 8 9 10 | 10.6
Armour         | 2 3 6 |  6.1
Shields        | 6 8 |  8.4
Dodging        | |  1.8
Stealth        | |  1.9

Action                   |  1- 3 |  4- 6 |  7- 9 | 10-12 | 13-15 || total
-------------------------+-------+-------+-------+-------+-------++-------
Melee: Dagger            |    83 |       |       |       |       ||    83
       Unarmed           |     6 |       |       |       |       ||     6
       Spear             |    45 |   129 |       |       |       ||   174
       Punch             |       |     4 |       |       |       ||     4
       Whip              |       |    78 |    84 |   101 |   130 ||   393
 Cast: Sandblast         |    22 |    44 |    30 |    57 |    14 ||   167
       Stone Arrow       |       |     3 |    85 |   224 |    54 ||   366
       Mephitic Cloud    |       |       |       |    21 |    10 ||    31
       Flame Wave        |       |       |       |     9 |     4 ||    13
       Swiftness         |       |       |       |     2 |       ||     2
       Passwall          |       |       |       |     3 |       ||     3
       Freezing Cloud    |       |       |       |       |     7 ||     7
       Lee's Rapid Decon |       |       |       |       |     2 ||     2
Evoke: Wand              |       |       |     3 |    14 |       ||    17
  Use: Scroll            |     3 |     4 |     4 |     6 |     1 ||    18
       Potion            |       |       |       |     3 |       ||     3
 Stab: Sleeping          |     3 |     2 |     1 |       |       ||     6
       Confused          |       |       |       |     1 |       ||     1
       Distracted        |       |       |       |     1 |       ||     1
Armor: Robe              |    35 |    34 |    22 |       |       ||    91
       Acid dragon scale |       |       |       |     8 |       ||     8
       Leather armour    |       |       |       |    91 |    67 ||   158
Dodge: Dodged            |   117 |   142 |    72 |   100 |    75 ||   506
Block: Other             |       |       |     3 |    15 |       ||    18
       Reflection        |       |       |       |    11 |     1 ||    12
       Buckler           |       |       |       |    86 |   129 ||   215
